 Dungeon Crawl Stone Soup version 0.29-a0-284-gf9362112df (webtiles) character file.

Game seed: 5992199910239997165

3724 PaleWalker the Prestidigitator (level 10, -1/79 HPs)
             Began as a Gnoll Artificer on Mar 18, 2022.
             Was a Believer of Ashenzari.
             Slain by a gnoll
             ... wielding a +0 halberd
              (8 damage)
             ... on level 7 of the Dungeon.
             The game lasted 00:26:46 (9022 turns).

PaleWalker the Prestidigitator (Gnoll Artificer)    Turns: 9022, Time: 00:26:47

Health: -1/79      AC:  9    Str: 20    XL:     10   Next: 14%
Magic:  19/20      EV: 13    Int: 19    God:    Ashenzari [**....]
Gold:   251        SH: 11    Dex: 12    Spells: 14/22 levels left

rFire   . . .      SeeInvis +   z - +3 dagger (venom)
rCold   . . .      Faith    .   q - +1 buckler
rNeg    . . .      Spirit   .   b - +0 leather armour of the Fated Repose {Bglg, Self} (curse)
rPois   .          Reflect  +   l - +0 helmet
rElec   .          Harm     .   E - +2 cloak
rCorr   .          Rampage  .   (no gloves)
Will    .....                   J - +0 pair of boots
Stlth   +++.......              c - amulet "Behold Eternity" {Reflect SH+5, Bglg, Elem} (curse)
HPRegen 0.23/turn               n - ring of the All-seeing Disgust {Int+6, Self, Cun} (curse)
MPRegen 0.17/turn               C - +6 ring of strength

@: wereblooded
A: fangs 1, strong nose, distributed training
a: Renounce Religion, Shatter the Chains


You were on level 7 of the Dungeon.
You worshipped Ashenzari.
Ashenzari was pleased with you.
You visited 2 branches of the dungeon, and saw 8 of its levels.

You collected 305 gold pieces.
You spent 54 gold pieces at shops.

Inventory:

Hand Weapons
 z - a +3 dagger of venom (weapon)
Missiles
 y - 8 javelins (quivered)
 D - 14 poisoned darts
Armour
 b - the cursed +0 leather armour of the Fated Repose (worn) {Bglg, Self}

   It has a curse which improves the following skills: Beguiling: Conjurations,
   Hexes and Translocations.
   Introspection: Fighting and Spellcasting.
 l - a +0 helmet (worn)
 q - a +1 buckler (worn)
 r - a scarf of resistance
 E - a +2 cloak (worn)
 I - a +0 robe of the Archmagi
 J - a +0 pair of boots (worn)
Jewellery
 c - the cursed amulet "Behold Eternity" (around neck) {Reflect SH+5, Bglg, Elem}
   (You found it on level 4 of the Dungeon)

   [amulet of reflection]

   It reflects blocked missile attacks.
   SH:        It affects your SH (+5).
   It has a curse which improves the following skills: Beguiling: Conjurations,
   Hexes and Translocations.
   Elements:  Fire Magic, Ice Magic, Air Magic and Earth Magic.
 n - the cursed ring of the All-seeing Disgust (left hand) {Int+6, Self, Cun}
   (You found it on level 2 of the Dungeon)

   [ring of intelligence]

   Int:       It affects your intelligence (+6).
   It has a curse which improves the following skills: Introspection: Fighting
   and Spellcasting.
   Cunning:   Dodging and Stealth.
 C - a +6 ring of strength (right hand)
Wands
 d - a wand of charming (12)
 e - a wand of iceblast (1)
 A - a wand of mindburst (16)
 H - a wand of flame (23)
Scrolls
 a - a scroll of torment
 h - a scroll of fog
 k - a scroll of amnesia
 m - a scroll of magic mapping
 o - a scroll of teleportation
 p - a scroll of fear
 t - a scroll of holy word
 v - a scroll of enchant weapon
 w - a scroll of noise
 x - a scroll of brand weapon
 B - a scroll of vulnerability
 G - 2 scrolls of blinking
Potions
 f - 3 potions of attraction
 g - 4 potions of curing
 i - 2 potions of brilliance
 j - a potion of flight
 u - a potion of lignification
 F - a potion of ambrosia


   Skills:
 + Level 5.7(7.6) Fighting
 + Level 5.0 Short Blades
 + Level 5.0 Long Blades
 + Level 5.0 Axes
 + Level 5.0 Maces & Flails
 + Level 5.0 Polearms
 + Level 5.0 Staves
 + Level 5.0 Slings
 + Level 5.0 Bows
 + Level 5.0 Crossbows
 + Level 5.0 Throwing
 + Level 6.8 Armour
 + Level 5.7(6.9) Dodging
 + Level 5.6(6.8) Stealth
 + Level 5.0 Shields
 + Level 5.0 Unarmed Combat
 + Level 5.0(6.8) Spellcasting
 + Level 4.1(5.9) Conjurations
 + Level 4.1(5.9) Hexes
 + Level 4.1 Summonings
 + Level 4.1 Necromancy
 + Level 4.1(5.9) Translocations
 + Level 4.1 Transmutations
 + Level 4.1(5.3) Fire Magic
 + Level 4.1(5.3) Ice Magic
 + Level 4.1(5.3) Air Magic
 + Level 4.1(5.3) Earth Magic
 + Level 4.1 Poison Magic
 + Level 5.5 Invocations
 + Level 8.3 Evocations


You had 14 spell levels left.
You knew the following spells:

 Your Spells              Type           Power      Damage    Failure   Level
a - Wereblood             Tmut           22%        N/A       4%          2
b - Gell's Gravitas       Tloc           28%        N/A       4%          3
c - Tukima's Dance        Hex            28%        N/A       4%          3

Your spell library contained the following spells:

 Spells                   Type           Power      Damage    Failure   Level
 Beastly Appendage        Tmut           44%        N/A       2%          1
 Lesser Beckoning         Tloc           28%        N/A       4%          3
 Teleport Other           Tloc           28%        N/A       4%          3
 Spider Form              Tmut/Pois      22%        N/A       9%          3
 Anguish                  Hex/Necr       12%        N/A       19%         4
 Iskenderun's Battlesphe  Conj           28%        2d8       36%         5
 Fireball                 Conj/Fire      13%        3d7       38%         5
 Conjure Ball Lightning   Conj/Air       13%        3x3d6     93%         6
 Enfeeble                 Hex            14%        N/A       100%        7
 Orb of Destruction       Conj           14%        9d7       100%        7


Dungeon Overview and Level Annotations

Branches:
Dungeon (7/15)             Temple (1/1) D:4

Altars:
Ashenzari
Cheibriados
Dithmenos
Elyvilon
Fedhas
Kikubaaqudgha
Okawaru
Qazlal
Vehumet
Wu Jian
Lugonu

Shops:
D:1 ?   D:5 =   D:6 ([   D:7 [

Annotations:
D:3 3 runed translucent doors, RBrandon's ghost, amateur SpHu


Innate Abilities, Weirdness & Mutations

You have very sharp teeth.
Your uncanny sense of smell can sniff out nearby items.
Your experience applies equally to all skills.


Message History

You closely miss the scorpion.
The scorpion stings you but does no damage.
You block the gnoll's attack.
The sky beast hits you but does no damage.
You closely miss the scorpion. The scorpion stings you.
* * * LOW HITPOINT WARNING * * *
You are poisoned.
The scorpion poisons you! You block the gnoll's attack. The sky beast hits you.
* * * LOW HITPOINT WARNING * * *
The sky beast shocks you.
* * * LOW HITPOINT WARNING * * *
You feel better. You block the scorpion's attack.
The gnoll throws a stone.
The stone barely misses the sky beast.
The stone misses you.
The stone hits the scorpion but does no damage.
You block the sky beast's attack.
You hit the scorpion.
The scorpion is poisoned.
The scorpion is moderately wounded.
You block the scorpion's attack.
You barely miss the scorpion.
You bite the scorpion, but do no damage.
The scorpion is moderately wounded.
The sky beast hits you but does no damage.
The gnoll hits you but does no damage. You block the scorpion's attack.
You barely miss the scorpion.
The scorpion is heavily wounded.
You feel a bit better.
You kill the scorpion!
You block the sky beast's attack.
The shadow imp shouts, "Crawl home, thou foisting roguish wormtrail!"
The gnoll hits you from afar with a +0 halberd!
* * * LOW HITPOINT WARNING * * *
You closely miss the orc.
The sky beast flickers out of sight for a moment.
The sky beast closely misses you. The gnoll closely misses you.
The orc hits you but does no damage.
You hit the orc.
The orc is poisoned.
The orc is heavily wounded.
The orc closely misses you.
The gnoll hits you from afar with a +0 halberd!
You die...

##########
..........#######################
..#######.#......................
#.## #.)))......###...######.#
)..## ###[#####.###.....#####.#
##..##### #.# #...............#
##.#...###.########......#####..
{ #...#.....JD5o@Yg......## #.#
*###...###..#####o#####.######.#
##.## #..##.#{#.#.##.#......# {
#.# #..#.........#....###.. *,
#.# #..##.#.#.#.##....###.. *..#
#.l#.........#....g.#.# , ..#
#..'#.#.#.#.#'......g.. *,*##.#
##.#l.s......#....<.#.. .. ..#
#.##.#.#.#.##....###..


You could see a steam dragon, a sky beast (invisible), a gnoll, a shadow imp, 2
orcs and an endoplasm.

Vanquished Creatures
  A cyclops (D:7)
  A hornet (D:7)
  Prince Ribbit (D:5)
  A wyvern (D:7)
  A vampire mosquito (D:7)
  A water moccasin (D:6)
  A sky beast (D:7)
  A black bear (D:4)
  A centaur (D:7)
  3 ogres
  2 phantoms
  2 bullfrogs (D:7)
  A gnoll sergeant (D:7)
  3 necrophages
  4 scorpions
  4 wights
  9 killer bees (D:7)
  A howler monkey (D:5)
  2 hounds
  2 jellies (D:6)
  2 gnoll shamans (D:7)
  Natasha (thrice) (D:2)
  3 iguanas
  3 orc wizards
  12 gnolls
  6 adders
  2 white imps
  2 ufetubi
  3 worms
  2 dart slugs
  10 orcs
  4 bats
  4 endoplasms
  4 giant cockroaches
  4 goblins
  2 hobgoblins (D:2)
  5 kobolds
  5 quokkas (D:3)
  10 ball pythons
  8 frilled lizards
  3 rats
139 creatures vanquished.

Vanquished Creatures (collateral kills)
  An orc wizard (D:4)
  2 orcs (D:4)
3 creatures vanquished.

Vanquished Creatures (others)
  An ogre (D:4)
  An orc (D:4)
  21 plants (D:7)
23 creatures vanquished.

Grand Total: 165 creatures vanquished

Notes
Turn   | Place    | Note
-------+----------+-------------------------------------------
     0 | D:1      | PaleWalker the Gnoll Artificer began the quest for the Orb.
     0 | D:1      | Reached XP level 1. HP: 17/17 MP: 1/1
    79 | D:1      | Found Aluxo Mia's Magic Scroll Emporium.
   483 | D:1      | Reached XP level 2. HP: 23/23 MP: 2/2
   881 | D:2      | Noticed Natasha
   883 | D:2      | Killed Natasha
   884 | D:2      | Reached XP level 3. HP: 20/28 MP: 2/4
  1003 | D:2      | Reached skill level 1 in Invocations
  1538 | D:2      | Noticed Natasha
  1541 | D:2      | Killed Natasha
  1542 | D:2      | Reached skill level 1 in Short Blades
  1542 | D:2      | Reached skill level 1 in Long Blades
  1542 | D:2      | Reached skill level 1 in Axes
  1542 | D:2      | Reached skill level 1 in Maces & Flails
  1542 | D:2      | Reached skill level 1 in Polearms
  1542 | D:2      | Reached skill level 1 in Staves
  1542 | D:2      | Reached skill level 1 in Slings
  1542 | D:2      | Reached skill level 1 in Bows
  1542 | D:2      | Reached skill level 1 in Crossbows
  1542 | D:2      | Reached skill level 1 in Throwing
  1542 | D:2      | Reached skill level 1 in Shields
  1542 | D:2      | Reached skill level 1 in Unarmed Combat
  1542 | D:2      | Reached skill level 1 in Spellcasting
  1542 | D:2      | Reached XP level 4. HP: 34/34 MP: 5/5
  1620 | D:2      | Noticed Natasha
  1629 | D:2      | Killed Natasha
  1630 | D:2      | Reached skill level 1 in Conjurations
  1630 | D:2      | Reached skill level 1 in Hexes
  1630 | D:2      | Reached skill level 1 in Summonings
  1630 | D:2      | Reached skill level 1 in Necromancy
  1630 | D:2      | Reached skill level 1 in Translocations
  1630 | D:2      | Reached skill level 1 in Transmutations
  1630 | D:2      | Reached skill level 1 in Fire Magic
  1630 | D:2      | Reached skill level 1 in Ice Magic
  1630 | D:2      | Reached skill level 1 in Air Magic
  1630 | D:2      | Reached skill level 1 in Earth Magic
  1630 | D:2      | Reached skill level 1 in Poison Magic
  1706 | D:3      | Found a runed translucent gate.
  1722 | D:3      | Found a runed translucent gate.
  1722 | D:3      | Found a runed translucent gate.
  1791 | D:3      | Noticed RBrandon's ghost (amateur SpHu)
  2302 | D:3      | Reached XP level 5. HP: 33/38 MP: 5/7
  3491 | D:4      | Noticed an ogre
  3511 | D:4      | Reached XP level 6. HP: 47/47 MP: 8/8
  4001 | D:4      | Reached skill level 5 in Armour
  4006 | D:4      | Noticed a black bear
  4011 | D:4      | Killed a black bear
  4169 | D:4      | Found a staircase to the Ecumenical Temple.
  4180 | Temple   | Entered the Ecumenical Temple
  4196 | Temple   | Became a worshipper of Ashenzari the Shackled
  4360 | D:5      | Entered Level 5 of the Dungeon
  4409 | D:5      | Reached skill level 7 in Evocations
  4409 | D:5      | Reached XP level 7. HP: 52/52 MP: 10/10
  4426 | D:5      | Noticed Prince Ribbit
  4462 | D:5      | HP: 2/52 [phantom (4)]
  4471 | D:5      | HP: 1/52 [phantom (2)]
  4837 | D:5      | Learned a level 2 spell: Wereblood
  5440 | D:5      | Found Irhuibus's Jewellery Shoppe.
  5577 | D:5      | Killed Prince Ribbit
  5578 | D:5      | Reached XP level 8. HP: 60/60 MP: 12/12
  6413 | D:6      | Reached * piety under Ashenzari
  6443 | D:6      | Noticed a wraith
  6791 | D:6      | Found Semeiha's Weapon Emporium.
  7222 | D:7      | Found Naam's Armour Emporium.
  7272 | D:7      | Reached ** piety under Ashenzari
  7399 | D:7      | Reached XP level 9. HP: 40/71 MP: 17/17
  7682 | D:7      | Noticed a hornet
  7688 | D:7      | Killed a hornet
  7920 | D:7      | Reached skill level 5 in Fighting
  7920 | D:7      | Reached skill level 5 in Dodging
  8019 | D:7      | Learned a level 3 spell: Gell's Gravitas
  8072 | D:7      | Bought a +0 buckler for 54 gold pieces
  8136 | D:7      | Reached skill level 5 in Stealth
  8531 | D:7      | Reached skill level 8 in Evocations
  8537 | D:7      | Noticed a cyclops
  8543 | D:7      | Reached skill level 5 in Invocations
  8544 | D:7      | Killed a cyclops
  8705 | D:7      | Found an ancient bone altar of Kikubaaqudgha.
  8784 | D:7      | Reached XP level 10. HP: 74/79 MP: 19/19
  8803 | D:7      | Learned a level 3 spell: Tukima's Dance
  9014 | D:7      | Reached skill level 5 in Short Blades
  9014 | D:7      | Reached skill level 5 in Long Blades
  9014 | D:7      | Reached skill level 5 in Axes
  9014 | D:7      | Reached skill level 5 in Maces & Flails
  9014 | D:7      | Reached skill level 5 in Polearms
  9014 | D:7      | Reached skill level 5 in Staves
  9014 | D:7      | Reached skill level 5 in Slings
  9014 | D:7      | Reached skill level 5 in Bows
  9014 | D:7      | Reached skill level 5 in Crossbows
  9014 | D:7      | Reached skill level 5 in Throwing
  9014 | D:7      | Reached skill level 5 in Shields
  9014 | D:7      | Reached skill level 5 in Unarmed Combat
  9014 | D:7      | Reached skill level 5 in Spellcasting
  9022 | D:7      | Slain by a gnoll

Illustrated notes

Levels and vault maps discovered:
D:1:      sevenhm_arrival_forest_fort_small_3, layout_loops_cross, serial_shops,
          shop
D:2:      layout_loops_cross, uniq_natasha
D:3:      layout_loops_ring, gup_sewer_entry_bubbles, gammafunk_ghost_necromancy
D:4:      layout_loops_ring, minmay_temple_entry_poolview, glass_columns_b
D:5:      layout_basic, serial_shops, nicolae_shop_behind_doors,
          serial_co_window_serial, co_window_paths_a, co_window_corner_a,
          co_window_paths_b, co_window_paths_a, co_window_paths_b,
          co_window_corner_cb, co_window_corner_b, co_window_corner_ca,
          co_window_paths_c, co_window_broadway_b, co_window_of_opportunity_b,
          co_window_of_opportunity_c, glass_columns_a, glass_columns_a,
          glass_columns_b, glass_columns_a, uniq_prince_ribbit1
D:6:      layout_basic, serial_shops, nicolae_inconvenience_store,
          roderic_serpentine_path
D:7:      minmay_the_grid_plus [minmay_the_grid_embedded,
          minmay_the_grid_spin_star, minmay_the_grid_minigrid_small_alt,
          minmay_the_grid_minigrid_large,
          minmay_the_grid_prize_shrinking_boxes], layout_loops_ring,
          nemelex_dance_club_becter, mainiacjoe_overflow_paths, serial_shops,
          nicolae_shop_statue_plus, nicolae_grassy_gnolls
Temple:   corrupted_temple

Skill      XL: |  1  2  3  4  5  6  7  8  9 10 |
---------------+-------------------------------+-----
Invocations    | 1 2 3 4 5 |  5.5
Short Blades   | 1 2 3 4 5 |  5.0
Long Blades    | 1 2 3 4 5 |  5.0
Axes           | 1 2 3 4 5 |  5.0
Maces & Flails | 1 2 3 4 5 |  5.0
Polearms       | 1 2 3 4 5 |  5.0
Staves         | 1 2 3 4 5 |  5.0
Slings         | 1 2 3 4 5 |  5.0
Bows           | 1 2 3 4 5 |  5.0
Crossbows      | 1 2 3 4 5 |  5.0
Throwing       | 1 2 3 4 5 |  5.0
Shields        | 1 2 3 4 5 |  5.0
Unarmed Combat | 1 2 3 4 5 |  5.0
Spellcasting   | 1 2 3 4 5 |  5.0
Conjurations   | 1 2 3 4 |  4.1
Hexes          | 1 2 3 4 |  4.1
Summonings     | 1 2 3 4 |  4.1
Necromancy     | 1 2 3 4 |  4.1
Translocations | 1 2 3 4 |  4.1
Transmutations | 1 2 3 4 |  4.1
Fire Magic     | 1 2 3 4 |  4.1
Ice Magic      | 1 2 3 4 |  4.1
Air Magic      | 1 2 3 4 |  4.1
Earth Magic    | 1 2 3 4 |  4.1
Poison Magic   | 1 2 3 4 |  4.1
Fighting       | 3 4 5 |  5.7
Dodging        | 3 4 5 |  5.7
Stealth        | 3 4 5 |  5.6
Armour         | 5 6 |  6.8
Evocations     | 7 8 |  8.3

Action                   |  1- 3 |  4- 6 |  7- 9 | 10-12 || total
-------------------------+-------+-------+-------+-------++-------
Melee: Club              |    38 |       |       |       ||    38
       Bite              |     5 |    24 |    44 |    10 ||    83
       Spear             |     4 |       |       |       ||     4
       Dagger            |    45 |   194 |   361 |    70 ||   670
       Punch             |     1 |     3 |     9 |       ||    13
Throw: Javelin           |       |     5 |     5 |     2 ||    12
       Dart              |       |       |     2 |       ||     2
 Cast: Wereblood         |       |       |     2 |     2 ||     4
Invok: Curse Item        |       |       |     3 |       ||     3
Evoke: Wand              |     4 |    18 |     8 |       ||    30
  Use: Scroll            |       |       |    13 |       ||    13
       Potion            |       |       |     3 |     1 ||     4
 Stab: Sleeping          |       |       |     3 |       ||     3
       Distracted        |       |       |     1 |       ||     1
Armor: Leather armour    |     8 |       |    74 |    19 ||   101
       Scale mail        |    27 |       |       |       ||    27
       Plate armour      |    13 |   116 |    26 |       ||   155
Dodge: Dodged            |    51 |    41 |   144 |    45 ||   281
Block: Other             |       |       |    41 |       ||    41
       Buckler           |       |       |    40 |    51 ||    91
       Reflection        |       |       |       |     1 ||     1

Table legend: (Time is in decaauts)
 A = Elapsed time spent in this place.
 B = Non-inter-level travel time spent in this place.
 C = Inter-level travel time spent in this place.
 D = Time resting spent in this place.
 E = Time spent auto-exploring this place.
 F = Levels seen in this place.
 G = Mean time per level.
                   A        B        C        D        E       F      G
               +--------+--------+--------+--------+--------+-----+--------+
         Total |   8980 |   8760 |    220 |   1036 |   5976 |   8 | 1122.5 |
       Dungeon |   8928 |   8720 |    208 |   1036 |   5953 |   7 | 1275.4 |
        Temple |     51 |     39 |     12 |      0 |     23 |   1 |   51.0 |
               +--------+--------+--------+--------+--------+-----+--------+

Top non-repeatable levels by time:
     D:3: 1588 daAuts
     D:6: 1514 daAuts
     D:7: 1393 daAuts
     D:4: 1362 daAuts
     D:5: 1355 daAuts
     D:2: 897 daAuts
     D:1: 815 daAuts
  Temple: 51 daAuts
